AoeStats
← Derribando Burocracias

Pilgrims

510220343Analyzed
4v4 RM · 3d ago on Sep 30, 2026· 35m 31s· 8 players
Game mode
Random Map
Map size
Large (8 player)
Population
200
Speed
Normal
Resources
Standard
Victory
Conquest
Starting age
Dark Age
Ending age
Imperial Age
RankedLock teamsTeams togetherTeam positionsShared explorationLock speedFull tech treeHidden civsTurbo modeCheats
Victory
Defeat
🇨🇱 Japanese · Chile
845
+7
🇦🇷 Maya · Argentina
838
+7
551
+16
🇨🇴 Bohemians · Colombia
473
+20
🇺🇸 Cumans · United States
632
-14
🇺🇸 Japanese · United States
595
-12
🇺🇸 Britons · United States
577
-12
🇪🇨 Khmer · Ecuador
576
-12
FunkyBiz
5:32 Loom
13:40 Feudal Age
16:32 Gold Mining
17:49 Fishing Lines
17:58 Double-Bit Axe
18:55 Horse Collar
20:24 Wheelbarrow
22:39 Castle Age
26:49 Hand Cart
26:38 Heavy Plow
34:37 Bow Saw
Mytsogun
6:38 Loom
18:01 Feudal Age
18:27 Double-Bit Axe
18:44 Gold Mining
21:02 Wheelbarrow
20:05 Man-at-Arms
24:29 Stone Mining
26:07 Arson
26:07 Horse Collar
26:58 Forging
26:48 Scale Mail Armor
32:43 Castle Age
Looting
1:47 Loom
10:46 Feudal Age
14:54 Double-Bit Axe
21:12 Castle Age
19:43 Fletching
21:05 Padded Archer Armor
20:59 Stone Mining
22:51 Thumb Ring
23:58 Wheelbarrow
24:07 Fishing Lines
28:24 Imperial Age
25:55 Gold Mining
26:25 Town Watch
27:21 Bodkin Arrow
30:31 Forging
31:39 Leather Archer Armor
31:31 Scale Barding Armor
30:49 Light Cavalry
32:35 Conscription
mrwooten
4:55 Loom
13:18 Feudal Age
14:43 Wheelbarrow
14:24 Double-Bit Axe
17:52 Man-at-Arms
19:31 Scale Mail Armor
28:37 Castle Age
28:46 Castle Age
26:39 Gold Mining
26:40 Stone Mining
27:04 Forging
26:44 Fletching
26:55 Padded Archer Armor
31:21 Hand Cart
32:19 Bow Saw
31:59 Town Watch
32:49 Long Swordsman
32:50 Pikeman
33:51 Chain Mail Armor
34:43 Treadmill Crane
Derribando Burocracias
DarKyrie
3:44 Loom
13:57 Feudal Age
14:38 Double-Bit Axe
15:30 Wheelbarrow
14:41 Town Watch
14:39 Fishing Lines
15:15 Gold Mining
18:23 Fletching
18:03 Man-at-Arms
20:49 Castle Age
21:12 Forging
21:05 Scale Mail Armor
20:53 Arson
21:46 Bow Saw
21:45 Gillnets
25:38 Imperial Age
24:34 Stone Mining
25:53 Medium Warships
26:24 Gold Shaft Mining
26:26 Hand Cart
26:15 Town Patrol
27:19 Bodkin Arrow
28:47 Two-Man Saw
28:05 Bracer
28:41 Iron Casting
28:22 Chain Mail Armor
28:13 Horse Collar
29:20 Conscription
30:54 Kataparuto
30:50 Heavy Plow
32:53 Blast Furnace
32:26 Plate Mail Armor
33:34 Elite Samurai
34:16 Padded Archer Armor
35:11 Siege Engineers
34:47 Treadmill Crane
35:03 Murder Holes
35:29 Ballistics
36:13 Leather Archer Armor
Mr Cobb
4:09 Loom
11:39 Feudal Age
12:09 Double-Bit Axe
17:06 Wheelbarrow
20:44 Castle Age
19:05 Stone Mining
20:17 Forging
23:20 Fletching
23:40 Town Watch
24:39 Squires
30:18 Hand Cart
31:28 Gold Mining
32:20 Stone Shaft Mining
34:01 Horse Collar
35:44 Heavy Plow
35:08 Eagle Warrior
EvilDriver2000
16:31 Feudal Age
17:32 Double-Bit Axe
21:02 Fishing Lines
23:07 Wheelbarrow
32:26 Castle Age
36:17 Chemistry
Connection lost

Rejoining the realm…

Still unreachable

The connection could not be restored.

Session expired

The server has moved on; the page needs a fresh start.